 Dungeon Crawl Stone Soup version 0.23.2-40-g277498a001 (webtiles) character file.

Game seed: 1803341513000552094

255 FishyPogo the Skirmisher (level 5, -5/47 HPs)
             Began as a Minotaur Gladiator on Aug 18, 2019.
             Killed from afar by an orc wizard (9 damage)
             ... with a puff of flame
             ... on level 4 of the Dungeon.
             The game lasted 00:08:55 (3389 turns).

FishyPogo the Skirmisher (Minotaur Gladiator)       Turns: 3389, Time: 00:08:55

Health: -5/47      AC:  4    Str: 20    XL:     5   Next: 91%
Magic:  13/13      EV: 13    Int:  5    God:
Gold:   186        SH:  0    Dex: 11    Spells: 4/4 levels left

rFire    . . .     SeeInvis .   a - +0 flail
rCold    . . .     Gourm    .   (no shield)
rNeg     . . .     Faith    .   b - +0 leather armour
rPois    .         Spirit   .   c - +0 hat
rElec    .         Reflect  .   (no cloak)
rCorr    +         Harm     .   k - +0 pair of gloves
MR       .....                  (no boots)
Stlth    +.........             (no amulet)
HPRegen  0.15/turn              e - ring of resist corrosion
MPRegen  0.13/turn              q - ring of magical power

@: flying
A: retaliatory headbutt, horns 2
a: no special abilities


You were on level 4 of the Dungeon.
You were not hungry.

You visited 1 branch of the dungeon, and saw 4 of its levels.

You collected 186 gold pieces.

Inventory:

Hand Weapons
 a - a +0 flail (weapon)
Missiles
 d - 4 throwing nets
 j - 159 stones (quivered)
 l - 5 tomahawks
 C - 3 tomahawks of returning
Armour
 b - a +0 leather armour (worn)
 c - a +0 hat (worn)
 k - a +0 pair of gloves (worn)
 r - a +0 large shield
 x - a +0 chain mail of fire resistance
Jewellery
 e - a ring of resist corrosion (left hand)
 q - a ring of magical power (right hand)
 A - a +5 amulet of reflection {unknown}
Scrolls
 h - a scroll of enchant weapon {unknown}
 m - a scroll of magic mapping {unknown}
 o - a scroll of amnesia {unknown}
 t - 2 scrolls of enchant armour {unknown}
 w - a scroll of teleportation
 y - 2 scrolls of remove curse
Potions
 g - a potion of heal wounds
 i - a potion of curing {unknown}
 n - a potion of ambrosia {unknown}
 p - a potion of flight
 s - a potion of agility
 u - a potion of mutation {unknown}
 v - a potion of might {unknown}
 z - a potion of lignification {unknown}
Comestibles
 f - 7 rations
 B - 3 chunks of flesh


   Skills:
 + Level 4.6 Fighting
 - Level 4.0 Maces & Flails
 - Level 3.0 Throwing
 - Level 4.0 Dodging
 * Level 4.0 Shields


You had 4 spell levels left.
You didn't know any spells.
Your spell library was empty.

Dungeon Overview and Level Annotations

Branches:
Dungeon (4/15)
 Temple: D:4-7

Altars:
Fedhas


Innate Abilities, Weirdness & Mutations

You reflexively headbutt those who attack you in melee.
You have a pair of horns on your head.


Message History

You barely miss something. Something hits you but does no damage.
You hit something but do no damage. Something hits you but does no damage.
You closely miss something. Something hits you but does no damage.
You closely miss something. Something barely misses you. Something hits you.
* * * LOW HITPOINT WARNING * * *
You sock something! Something barely misses you.
You closely miss something. Something hits you.
* * * LOW HITPOINT WARNING * * *
You closely miss something.
You hear some strange, mumbled words.
A puff of flame appears from out of thin air!
The puff of flame hits you.
* * * LOW HITPOINT WARNING * * *
You barely miss something. Something hits you.
* * * LOW HITPOINT WARNING * * *
You closely miss something. Something barely misses you.
You hear some strange, mumbled words.
A puff of flame appears from out of thin air!
The puff of flame hits you!
You die...

############### #######
#....(........# .......
#.............##.......
#......................
##......................
)............)..........
................@)......
#########()######{......
##.# ....... ## #.#
....... .# #.# .......
.# #..# ..>...(.. .#
####... ....##'## .#
....#........##.#
.#####....#......(.##.


There were no monsters in sight!

Vanquished Creatures
  2 orc priests
  An orc wizard (D:3)
  Robin (D:3)
  A gnoll (D:1)
  2 adders (D:2)
  3 oozes
  3 worms
  2 dart slugs
  2 leopard geckos
  12 orcs
  4 giant cockroaches
  9 goblins
  9 hobgoblins
  8 jackals (D:1)
  2 quokkas
  13 bats
  4 frilled lizards
  8 kobolds
  A quokka skeleton (D:4)
  6 rats
93 creatures vanquished.

Notes
Turn   | Place    | Note
-------+----------+-------------------------------------------
     0 | D:1      | FishyPogo the Minotaur Gladiator began the quest for the
                  | Orb.
     0 | D:1      | Reached XP level 1. HP: 18/18 MP: 0/0
   123 | D:1      | Reached XP level 2. HP: 23/25 MP: 1/1
   422 | D:1      | Reached XP level 3. HP: 31/31 MP: 2/2
   977 | D:2      | Reached XP level 4. HP: 40/40 MP: 3/3
  1016 | D:2      | Reached skill level 1 in Shields
  1580 | D:3      | Noticed Robin
  1668 | D:3      | Killed Robin
  2306 | D:3      | Found a blossoming altar of Fedhas.
  2354 | D:3      | Reached XP level 5. HP: 43/46 MP: 4/4
  3083 | D:4      | Noticed a phantom
  3389 | D:4      | Killed from afar by an orc wizard

Skill      XL: |  1  2  3  4  5 |
---------------+----------------+-----
Fighting       | 3 4 |  4.6
Maces & Flails | 4 |  4.0
Dodging        | 4 |  4.0
Shields        | 2 4 |  4.0
Throwing       | 3 |  3.0

Action                   |  1- 3 |  4- 6 || total
-------------------------+-------+-------++-------
Melee: Flail             |    67 |   141 ||   208
       Headbutt          |    12 |    19 ||    31
Throw: Stone             |    18 |    16 ||    34
  Use: Scroll            |       |     3 ||     3
       Potion            |       |     1 ||     1
 Stab: Sleeping          |     1 |       ||     1
  Eat: Chunk             |       |     8 ||     8
Armor: Leather armour    |    24 |    27 ||    51
Dodge: Dodged            |    60 |    83 ||   143
Block: Large shield      |     5 |    17 ||    22
